 Dungeon Crawl Stone Soup version 0.23.2-33-g5129a83184 (webtiles) character file.

Game seed: 15232113054432833207

1926 Folque the Conjurer (level 8, -4/59 HPs)
             Began as a Demigod Conjurer on July 13, 2019.
             Slain by an orc warrior
             ... wielding a +0 mace
              (14 damage)
             ... on level 6 of the Dungeon.
             The game lasted 00:16:20 (5184 turns).

Folque the Conjurer (Demigod Conjurer)              Turns: 5184, Time: 00:16:21

Health: -4/59      AC:  3    Str: 13    XL:     8   Next: 64%
Magic:  18/26      EV: 13    Int: 23    God:
Gold:   209        SH:  0    Dex: 16    Spells: 5/15 levels left

rFire    . . .     SeeInvis .   t - +0 long sword
rCold    . . .     Gourm    .   (no shield)
rNeg     . . .     Faith    .   a - +0 robe
rPois    .         Spirit   .   (no helmet)
rElec    .         Reflect  .   B - +0 cloak
rCorr    .         Harm     .   (no gloves)
MR       .....                  (no boots)
Stlth    ++........             (no amulet)
HPRegen  0.19/turn              e - ring of magical power
MPRegen  0.20/turn              A - +2 ring of strength

@: about to teleport
A: high mp 1
a: no special abilities


You were on level 6 of the Dungeon.
You were hungry.

You visited 2 branches of the dungeon, and saw 7 of its levels.

You collected 209 gold pieces.

Inventory:

Hand Weapons
 b - a +0 club
 g - a +0 mace
 t - a +0 long sword (weapon)
Armour
 a - a +0 robe (worn)
 q - a +0 pair of gloves
 r - a +0 ring mail
 B - a +0 cloak (worn)
Jewellery
 e - a ring of magical power (left hand)
 A - a +2 ring of strength (right hand)
Wands
 m - a wand of polymorph (5)
Scrolls
 d - a scroll of enchant armour {unknown}
 f - a scroll of noise {unknown}
 h - 2 scrolls of blinking {unknown}
 i - 8 scrolls of remove curse
 l - a scroll of enchant weapon {unknown}
 o - a scroll of fog {unknown}
 p - 4 scrolls of teleportation
 x - a scroll of fear {unknown}
 y - a scroll of amnesia {unknown}
 z - 2 scrolls of random uselessness
 E - 3 scrolls of identify
Potions
 j - 4 potions of might
 k - 4 potions of curing
 n - a potion of haste {unknown}
 s - a potion of flight {unknown}
 u - a potion of magic {unknown}
 v - a potion of heal wounds {unknown}
 w - 2 potions of ambrosia
 C - a potion of degeneration {unknown}
Comestibles
 c - 7 rations
 D - 4 chunks of flesh


   Skills:
 - Level 1.0 Fighting
 * Level 2.7 Armour
 + Level 2.6 Dodging
 - Level 1.7 Stealth
 - Level 4.0 Spellcasting
 * Level 7.4 Conjurations
 - Level 6.2 Hexes


You had 5 spell levels left.
You knew the following spells:

 Your Spells              Type           Power        Failure   Level  Hunger
a - Magic Dart            Conj           ####         1%          1    None
b - Searing Ray           Conj           #####.       1%          2    #......
c - Dazzling Spray        Conj/Hex       #####.       1%          3    ##.....
d - Fulminant Prism       Conj/Hex       #####.....   6%          4    ####...

Your spell library contained the following spells:

 Spells                   Type           Power        Failure   Level  Hunger
 Iskenderun's Mystic Bla  Conj           #####...     4%          4    ####...
 Beastly Appendage        Tmut           #.....       11%         1    None
 Sticks to Snakes         Tmut           #.......     16%         2    #......
 Force Lance              Conj/Tloc      ###.....     22%         4    ####...
 Spider Form              Tmut/Pois      #.........   30%         3    ##.....
 Ice Form                 Ice/Tmut       #.......     71%         4    ####...
 Blade Hands              Tmut           #.........   96%         5    ######.


Dungeon Overview and Level Annotations

Branches:
Dungeon (6/15)             Temple (1/1) D:4

Annotations:
D:4 3 runed translucent doors, Aviak's ghost, novice VSFE; bmj180's ghost, amateur DsNe


Innate Abilities, Weirdness & Mutations

You have an increased reservoir of magic. (+10% MP)


Message History

The spray of energy hits the orc warrior.
The orc warrior is lightly wounded.
The spray of energy hits the orc.
The orc is severely wounded.
The orc is dazzled.
The orc closely misses you.
You riposte.
You closely miss the orc.
The orc is severely wounded.
The orc warrior misses you.
An adder comes into view.
Found a fuming dark potion.
The orc is no longer blind.
As you read the scroll labeled CAJEGUI YTUY, it crumbles to dust.
You feel strangely unstable.
It was a scroll of teleportation.
The orc warrior misses you.
You riposte.
You hit the orc warrior.
The orc warrior is moderately wounded.
The orc wizard gestures wildly while chanting.
The orc wizard flickers and vanishes!
Deactivating autopickup; reactivate with Ctrl-A.
The orc warrior hits you with a +0 mace!
You die...

.........#...###
#.รท)......
..............(#
#.........
............(..#
#.........
...............#
...........
.........).l...#
............
#######.....(..#
#............
#......o.#
#....##......
#.......{######....
......
#........o@...#
######...o...!#
#........#
##########


You could see 2 orc warriors, an iguana and an orc.

Vanquished Creatures
  Pikel (D:4)
  Sigmund (D:4)
  3 slaves (D:4)
  A phantom (D:5)
  A centaur (D:6)
  Blork the orc (D:4)
  3 bullfrogs (D:6)
  A scorpion (D:4)
  2 bullfrog zombies
  A centaur skeleton (D:5)
  3 orc wizards
  A bullfrog skeleton (D:5)
  2 orc priests
  3 hounds
  2 jellies (D:5)
  Ijyb (D:4)
  2 iguanas
  4 worker ants
  13 adders
  2 oozes (D:2)
  3 adder skeletons
  3 worms
  3 dart slugs (D:1)
  9 leopard geckos
  13 orcs
  9 bats
  4 giant cockroaches
  6 goblins
  7 hobgoblins
  8 jackals
  2 kobolds
  4 quokkas
  A ball python (D:2)
  A ball python zombie (D:2)
  3 frilled lizards
  A leopard gecko skeleton (D:4)
  A quokka zombie (D:6)
  8 rats
134 creatures vanquished.

Vanquished Creatures (others)
  9 fulminant prisms
  6 withered plants (D:4)
15 creatures vanquished.

Grand Total: 149 creatures vanquished

Notes
Turn   | Place    | Note
-------+----------+-------------------------------------------
     0 | D:1      | Folque the Demigod Conjurer began the quest for the Orb.
     0 | D:1      | Reached XP level 1. HP: 14/14 MP: 5/5
   334 | D:1      | Reached XP level 2. HP: 21/22 MP: 1/7
   549 | D:1      | Reached skill level 4 in Conjurations
   647 | D:1      | Reached skill level 1 in Fighting
  1150 | D:2      | Reached XP level 3. HP: 25/28 MP: 3/9
  1154 | D:2      | Learned a level 2 spell: Searing Ray
  1158 | D:2      | Learned a level 3 spell: Dazzling Spray
  1511 | D:2      | Reached XP level 4. HP: 35/35 MP: 7/11
  2124 | D:3      | Reached XP level 5. HP: 28/40 MP: 2/13
  2307 | D:3      | Learned a level 4 spell: Fulminant Prism
  2708 | D:4      | Reached skill level 5 in Conjurations
  2752 | D:4      | Reached skill level 1 in Hexes
  2838 | D:4      | Reached XP level 6. HP: 47/47 MP: 10/15
  2876 | D:4      | Found a runed translucent gate.
  2876 | D:4      | Found a runed translucent gate.
  2877 | D:4      | Found a runed translucent gate.
  2880 | D:4      | Noticed bmj180's ghost (amateur DsNe)
  2880 | D:4      | Noticed Aviak's ghost (novice VSFE)
  2880 | D:4      | Noticed Sigmund
  3005 | D:4      | Killed Sigmund
  3207 | D:4      | Noticed Blork the orc
  3211 | D:4      | Reached XP level 7. HP: 52/52 MP: 8/16
  3214 | D:4      | Killed Blork the orc
  3453 | D:4      | Noticed Pikel
  3473 | D:4      | Killed Pikel
  3473 | D:4      | Reached skill level 6 in Conjurations
  3473 | D:4      | Reached skill level 5 in Hexes
  3475 | D:4      | Noticed Ijyb
  3480 | D:4      | Killed Ijyb
  3480 | D:4      | Reached XP level 8. HP: 31/59 MP: 3/17
  3751 | D:4      | Found a staircase to the Ecumenical Temple.
  3921 | Temple   | Entered the Ecumenical Temple
  4077 | D:5      | Entered Level 5 of the Dungeon
  4409 | D:5      | Reached skill level 1 in Armour
  4689 | D:5      | Reached skill level 7 in Conjurations
  4956 | D:6      | Found a hide-covered altar of Uskayaw.
  5184 | D:6      | Slain by an orc warrior

Skill      XL: |  1  2  3  4  5  6  7  8 |
---------------+-------------------------+-----
Spellcasting   | 2 3 4 |  4.0
Conjurations   | 4 5 6 7 |  7.4
Fighting       | 1 |  1.0
Hexes          | 1 3 5 6 |  6.2
Armour         | 2 |  2.7
Dodging        | 2 |  2.6
Stealth        | |  1.7

Action                   |  1- 3 |  4- 6 |  7- 9 || total
-------------------------+-------+-------+-------++-------
Melee: Club              |    23 |       |       ||    23
       Unarmed           |     1 |       |     7 ||     8
       Mace              |    65 |       |       ||    65
       Long sword        |       |    43 |    34 ||    77
 Cast: Magic Dart        |    21 |    10 |     6 ||    37
       Searing Ray       |     6 |    23 |    18 ||    47
       Dazzling Spray    |       |     3 |     4 ||     7
       Fulminant Prism   |       |     3 |     6 ||     9
  Use: Scroll            |       |     4 |     2 ||     6
       Potion            |       |       |     3 ||     3
 Stab: Sleeping          |     6 |     5 |     2 ||    13
       Confused          |       |       |     3 ||     3
       Distracted        |       |       |     1 ||     1
  Eat: Chunk             |     2 |     7 |     4 ||    13
       Ration            |       |       |     1 ||     1
Armor: Robe              |    35 |     3 |    16 ||    54
Dodge: Dodged            |    89 |    46 |    75 ||   210
       Rpst.: Long sword |       |    13 |    24 ||    37
